 Dungeon Crawl Stone Soup version 0.25.0-11-g1f837a76a1 (webtiles) character file.

Game seed: 6512244652476670087

28719 mortelune the Summoner (level 13, -1/103 HPs)
             Began as a Barachi Summoner on June 26, 2020.
             Was an Elder of Ashenzari.
             Slain by an ice beast (12 damage)
             ... summoned by an ice statue
             ... in an ice cave.
             The game lasted 01:12:46 (35966 turns).

mortelune the Summoner (Barachi Summoner)          Turns: 35966, Time: 01:12:47

Health: -1/103     AC: 14    Str: 10    XL:     13   Next: 40%
Magic:  11/26      EV: 16    Int: 26    God:    Ashenzari [****..]
Gold:   721        SH:  4    Dex: 19    Spells: 14/30 levels left

rFire    + . .     SeeInvis +   X - +9 mace of Shrieking Terror {elec, Stlth+}
rCold    . . .     Gourm    .   (no shield)
rNeg     . . .     Faith    .   U - +0 acid dragon scales
rPois    .         Spirit   .   (no helmet)
rElec    .         Reflect  .   E - +1 cloak (curse)
rCorr    +         Harm     .   o - +2 pair of gloves (curse)
MR       .....     Clarity  +   (no boots)
Stlth    +++.......             H - amulet of the acrobat
HPRegen  0.27/turn              l - +6 ring of dexterity (curse)
MPRegen  0.20/turn              T - ring "Jesul" {rF+ Int+6} (curse)

@: studying Throwing, slow
A: +LOS, swims, large bone plates 1, blink, slowness 1, strong legs 2
a: Hop, Blink, Curse Item, Scrying, Renounce Religion


You were in an ice cave.
You worshipped Ashenzari.
Ashenzari was greatly pleased with you.
You were not hungry.

You visited 4 branches of the dungeon, and saw 19 of its levels.
You also visited: Bailey and Ice Cave.

You collected 1865 gold pieces.
You spent 1144 gold pieces at shops.

Inventory:

Hand Weapons
 w - a +4 halberd
 X - the +9 mace of Shrieking Terror (weapon) {elec, Stlth+}
   (You found it on level 11 of the Dungeon)

   Occasionally, upon striking a foe, it will discharge some electrical energy
   and cause terrible harm.
   It makes you more stealthy.
Missiles
 y - 7 javelins
 C - 57 boomerangs (quivered)
Armour
 b - a +4 scale mail
 h - a +0 robe of positive energy
 o - a cursed +2 pair of gloves (worn)
 x - a +0 buckler
 D - a scarf of invisibility
 E - a cursed +1 cloak (worn)
 L - a +0 troll leather armour
 S - +0 steam dragon scales
 U - +0 acid dragon scales (worn)
 W - a +2 buckler
Magical Staves
 n - an uncursed staff of energy
Jewellery
 l - a cursed +6 ring of dexterity (left hand)
 F - a +6 ring of dexterity
 H - an amulet of the acrobat (around neck)
 M - an uncursed ring of protection from magic
 N - an uncursed ring of positive energy
 R - an uncursed amulet of regeneration
 T - the cursed ring "Jesul" (right hand) {rF+ Int+6}
   (You acquired it on level 7 of the Dungeon)

   [ring of intelligence]

   It affects your intelligence (+6).
   It protects you from fire.
   It has a curse placed upon it.
Wands
 d - a wand of iceblast (16)
 e - a wand of paralysis (5)
 p - a wand of acid (8)
 O - a wand of enslavement (10)
 Y - a wand of polymorph (10)
Scrolls
 a - a scroll of silence
 f - a scroll of fog
 i - 7 scrolls of identify
 r - 4 scrolls of enchant weapon
 t - 5 scrolls of teleportation
 u - 5 scrolls of enchant armour
 B - a scroll of blinking
 G - 3 scrolls of noise
 P - 5 scrolls of amnesia
 Q - a scroll of brand weapon
 V - a scroll of magic mapping
Potions
 g - a potion of heal wounds
 j - 2 potions of degeneration
 k - a potion of berserk rage
 q - 3 potions of might
 s - a potion of stabbing
 v - 4 potions of mutation
 z - a potion of brilliance
 A - 6 potions of curing
 I - 2 potions of ambrosia
Books
 K - a manual of Throwing
Comestibles
 c - 27 rations


   Skills:
 + Level 10.1 Fighting
 * Level 8.6 Maces & Flails
 - Level 1.3 Polearms
 * Level 9.8 Armour
 - Level 6.7 Dodging
 - Level 3.1 Stealth
 + Level 9.3 Spellcasting
 * Level 14.7(16.6) Summonings
 - Level 1.6(3.2) Ice Magic
 - Level 6.0(8.3) Air Magic


You had 14 spell levels left.
You knew the following spells:

 Your Spells              Type           Power        Failure   Level  Hunger
a - Summon Small Mammal   Summ           ####         0%          1    None
b - Call Imp              Summ           #######.     0%          2    None
c - Call Canine Familiar  Summ           #######.     1%          3    None
d - Summon Ice Beast      Ice/Summ       ######..     1%          4    #......
e - Summon Lightning Spi  Summ/Air       ######..     1%          4    #......
f - Ensorcelled Hibernat  Hex/Ice        ###...       5%          2    None

Your spell library contained the following spells:

 Spells                   Type           Power        Failure   Level  Hunger
 Summon Guardian Golem    Hex/Summ       ######..     1%          3    None
 Corona                   Hex            ##.....      6%          1    None
 Confusing Touch          Hex            ##......     19%         3    None
 Dazzling Flash           Conj/Hex       ##....       19%         3    None
 Tukima's Dance           Hex            ##......     19%         3    None


Dungeon Overview and Level Annotations

Branches:
Dungeon (12/15)            Temple (1/1) D:5            Lair (5/6) D:10
 Shoals (0/4) Lair:2       Spider (0/4) Lair:3        Slime (0/5) Lair:5
    Orc (1/2) D:12         Bailey (visited)           IceCv (1/1)

Altars:
Ashenzari
Cheibriados
Dithmenos
Elyvilon
Fedhas
Gozag
Hepliaklqana
Kikubaaqudgha
Makhleb
Nemelex Xobeh
Okawaru
Qazlal
Ru
Sif Muna
Trog
Uskayaw
Vehumet
Wu Jian
Xom
Yredelemnul
Zin
The Shining One
Jiyva

Shops:
D:5 [%   D:7 ?(%*(   D:11 *   Orc:1 [

Annotations:
D:3 2 transporters, Sedillia's ghost, amateur DgHu
D:9 exclusion: statue
D:10 trove, exclusions: vault guard and 1 more exclusion
Orc:1 1 runed translucent door, Dootley's ghost, journeyman FoFi IceCv exclusion: 2 ice statues


Innate Abilities, Weirdness & Mutations

You can be seen from farther away. (+LOS)
You can swim through water.
You cover ground slowly.
You can hop long distances.
You are partially covered in large bone plates. (SH +4)
You can translocate small distances at will.


Message History

The ice beast completely resists.
The ice beast hits your ice beast but does no damage.
You hit the ice beast.
The ice beast is almost dead.
You are engulfed in freezing vapours.
Your lightning spire is engulfed in freezing vapours.
Your ice beast hits the ice statue but does no damage.
You block the ice beast's attack.
You hit the ice beast but do no damage.
The ice beast is almost dead.
You are engulfed in freezing vapours.
* * * LOW HITPOINT WARNING * * *
The ice statue gestures.
The ice beast completely misses you.
Your lightning spire is engulfed in freezing vapours.
Your ice beast hits the ice statue but does no damage.
The ice beast hits you.
* * * LOW HITPOINT WARNING * * *
The ice beast freezes you!
You die...

###### ############# ***
.....## ##..(..#8Y...## * ,
,
......###.....(#YY○...##*,,
* .......#.......#°°..°..#
.......#......°#YY.....#.,,
, ,
.∩..∩..........8@Y.....8u,
, .......#.......#○......#Y
,, .......#.......#.......#
, ,
......###......#......## ,,
.....## ##.....#.....## ,
###### ############# *


You could see 2 ice statues, a white ugly thing, 4 ice beasts, 3 friendly ice
beasts and a friendly lightning spire (summoned).

Vanquished Creatures
  A hydra (Lair:4)
  A two-headed ogre (D:10)
  An ugly thing (IceCv)
  A manticore (D:8)
  An ice statue (IceCv)
  4 rime drakes (Lair:4)
  2 spiny frogs
  A centaur skeleton (D:12)
  2 komodo dragons
  2 trolls
  2 hornets
  5 blink frogs (Lair:4)
  2 slime creatures (D:12)
  2 hippogriffs
  10 yaks
  6 spriggans
  A wyvern (D:10)
  A wraith (D:11)
  A basilisk (D:11)
  A steam dragon (Lair:4)
  A warg (Orc:1)
  An acid dragon (D:10)
  3 water moccasins
  2 porcupines
  5 ice beasts
  3 orc warriors
  A necrophage (D:10)
  2 sky beasts
  2 wolves (Lair:1)
  A boggart (Lair:4)
  A centaur (D:11)
  Blork the orc (D:6)
  An earth elemental (D:11)
  7 bullfrogs
  A wyvern zombie (D:12)
  A scorpion (D:6)
  6 killer bees (D:8)
  3 wights
  4 howler monkeys
  2 jellies
  6 hounds
  2 orc wizards
  3 worker ants
  3 gnolls
  9 adders
  2 adder skeletons (D:4)
  A worm (D:3)
  2 dart slugs (D:2)
  5 leopard geckos
  23 orcs
  9 bats
  6 giant cockroaches
  6 goblins
  3 hobgoblins
  13 jackals
  7 kobolds
  7 quokkas
  2 ball pythons
  3 frilled lizards
  11 rats
218 creatures vanquished.

Vanquished Creatures (collateral kills)
  Snorg (Lair:3)
  A fire dragon (Lair:4)
  3 hydras
  Erica (Lair:1)
  3 two-headed ogres
  3 death yaks (Lair:3)
  Sonja (Lair:1)
  Nergalle (Lair:1)
  An orc knight (Bailey)
  A lindwurm (Lair:4)
  3 oklob plants
  A black mamba (Lair:2)
  2 spiny frogs
  2 komodo dragons
  8 rime drakes (Lair:4)
  A troll (D:10)
  2 hornets (Lair:4)
  11 blink frogs
  2 slime creatures (D:12)
  5 hippogriffs
  A wyvern (D:10)
  7 spriggans (Lair:4)
  25 yaks
  3 basilisks
  5 steam dragons (Lair:4)
  A warg (Orc:1)
  8 water moccasins
  4 porcupines
  2 ice beasts (IceCv)
  2 sky beasts
  9 orc warriors
  An eye of draining (D:12)
  5 ogres
  A phantom (D:4)
  5 wolves
  2 boggarts (Lair:4)
  5 crocodiles
  10 centaurs
  2 big kobolds
  7 bullfrogs
  A scorpion (D:5)
  3 killer bees (D:8)
  11 wights
  4 howler monkeys
  2 crimson imps
  A centaur zombie (D:5)
  A hound (D:8)
  2 orc priests (D:10)
  8 orc wizards
  An iguana (D:8)
  4 worker ants
  A nameless horror (D:8)
  6 gnolls
  7 adders
  2 shadow imps
  2 oozes
  3 worms
  2 dart slugs
  3 leopard geckos
  33 orcs
  2 giant cockroaches
  7 goblins
  4 hobgoblins
  6 jackals
  28 kobolds
  4 quokkas
  4 ball pythons
  3 bats
  A frilled lizard (D:3)
  A rat (D:3)
  3 fungi (Lair:5)
  A plant (Lair:1)
319 creatures vanquished.

Vanquished Creatures (others)
  4 fungi
  3 plants (Lair:3)
7 creatures vanquished.

Grand Total: 544 creatures vanquished

Notes
Turn   | Place    | Note
-------+----------+-------------------------------------------
     0 | D:1      | mortelune the Barachi Summoner began the quest for the Orb.
     0 | D:1      | Reached XP level 1. HP: 13/13 MP: 3/3
    64 | D:1      | Reached skill level 5 in Summonings
   424 | D:1      | Reached XP level 2. HP: 17/19 MP: 5/5
  1777 | D:1      | Learned a level 2 spell: Call Imp
  1907 | D:2      | Reached XP level 3. HP: 22/25 MP: 4/7
  2178 | D:2      | Reached skill level 1 in Fighting
  2561 | D:1      | Learned a level 3 spell: Call Canine Familiar
  2982 | D:2      | Found a basalt altar of Yredelemnul.
  3646 | D:2      | Reached XP level 4. HP: 32/32 MP: 5/8
  3992 | D:2      | Found a hazy altar of Hepliaklqana.
  4240 | D:2      | Found a white marble altar of Elyvilon.
  4979 | D:3      | Noticed an ogre
  5000 | D:3      | Killed an ogre
  5000 | D:3      | Reached skill level 6 in Summonings
  5000 | D:3      | Reached XP level 5. HP: 38/38 MP: 1/10
  5033 | D:3      | Learned a level 4 spell: Summon Ice Beast
  5460 | D:3      | Found a transporter.
  5467 | D:3      | Noticed Sedillia's ghost (amateur DgHu)
  5468 | D:3      | Found a transporter.
  5468 | D:3      | Identified the cursed +3 dire flail of Poverty {flame,
                  | rElec Dex+3 Stlth-}
  5468 | D:3      | Noticed an ogre
  5469 | D:3      | Noticed an ogre
  5999 | D:3      | Found a snail-covered altar of Cheibriados.
  6341 | D:3      | Found a glowing golden altar of the Shining One.
  6341 | D:3      | Found an ancient bone altar of Kikubaaqudgha.
  6347 | D:3      | Found a faded altar of an unknown god.
  6349 | D:3      | Found a sparkling altar of Nemelex Xobeh.
  6351 | D:3      | Found a shimmering blue altar of Sif Muna.
  6663 | D:4      | Reached XP level 6. HP: 32/45 MP: 7/12
  6769 | D:4      | Found a glowing silver altar of Zin.
  6786 | D:4      | Reached skill level 1 in Ice Magic
  8159 | D:4      | You fall into a shaft and drop 2 floors!
  8187 | D:6      | Found a sparkling altar of Nemelex Xobeh.
  8204 | D:5      | Entered Level 5 of the Dungeon
  8371 | D:5      | Reached XP level 7. HP: 32/51 MP: 6/13
  8430 | D:5      | Learned a level 4 spell: Summon Lightning Spire
  8571 | D:5      | Found Johuo's Food Shop.
  8627 | D:5      | Found a staircase to the Ecumenical Temple.
  8638 | D:5      | Reached skill level 7 in Summonings
  8673 | Temple   | Entered the Ecumenical Temple
  8826 | Temple   | Became a worshipper of Ashenzari the Shackled
  9499 | D:5      | Reached skill level 1 in Air Magic
  9504 | D:5      | Found Ewamneh's Antique Armour Boutique.
  9514 | D:5      | Bought a runed cloak for 172 gold pieces
 10652 | D:6      | Reached XP level 8. HP: 54/60 MP: 3/15
 10793 | D:6      | Reached skill level 5 in Spellcasting
 10929 | D:6      | Reached skill level 8 in Summonings
 10954 | D:6      | Found an iron altar of Okawaru.
 11170 | D:6      | Noticed Blork the orc
 11180 | D:6      | Killed Blork the orc
 11846 | D:6      | Found an iron altar of Okawaru.
 12189 | D:7      | Found Cagice's Antique Weapon Shoppe.
 12256 | D:7      | Found Mabruu's Magic Scroll Shop.
 12274 | D:7      | Bought a scroll of blinking for 90 gold pieces
 12342 | D:7      | Found Tuph's Food Boutique.
 12661 | D:7      | Found Ynenaiko's Weapon Shoppe.
 12676 | D:7      | Reached skill level 9 in Summonings
 12823 | D:7      | Found Pariotuf's General Store.
 13036 | D:7      | Bought a scroll of fog for 24 gold pieces
 13070 | D:7      | Reached * piety under Ashenzari
 13302 | D:7      | Reached skill level 5 in Fighting
 13523 | D:7      | Reached XP level 9. HP: 63/68 MP: 13/17
 15056 | D:8      | Reached skill level 5 in Dodging
 15477 | D:8      | Noticed a manticore
 15494 | D:8      | Killed a manticore
 15494 | D:8      | Reached skill level 10 in Summonings
 16333 | D:9      | Noticed a two-headed ogre
 16849 | D:9      | Found a blossoming altar of Fedhas.
 16886 | D:9      | Killed a two-headed ogre
 16886 | D:9      | Reached skill level 5 in Air Magic
 16886 | D:9      | Reached XP level 10. HP: 77/77 MP: 3/20
 17185 | D:9      | Found a radiant altar of Vehumet.
 17425 | D:10     | Entered Level 10 of the Dungeon
 17489 | D:10     | Found a flagged portal.
 17506 | D:10     | Noticed a two-headed ogre
 17608 | D:10     | Reached skill level 11 in Summonings
 17637 | D:10     | Killed a two-headed ogre
 17659 | Bailey   | Entered a bailey
 17963 | Bailey   | Reached ** piety under Ashenzari
 18084 | Bailey   | Noticed an orc knight
 18130 | Bailey   | Killed an orc knight
 18277 | D:10     | Noticed a vault guard
 19055 | D:10     | Found a staircase to the Lair.
 19176 | D:10     | Found an ornate altar of the Wu Jian Council.
 19653 | D:11     | Reached skill level 1 in Armour
 19928 | D:11     | Noticed a two-headed ogre
 19937 | D:11     | Killed a two-headed ogre
 19937 | D:11     | Reached skill level 1 in Polearms
 19937 | D:11     | Reached skill level 12 in Summonings
 19942 | D:11     | Found Cafiufe's Pet Rocks.
 19954 | D:11     | Reached XP level 11. HP: 73/85 MP: 5/22
 20542 | D:7      | Bought a scroll of acquirement for 624 gold pieces
 20542 | D:7      | Bought a scroll of teleportation for 36 gold pieces
 20542 | D:7      | Bought 2 scrolls of identify for 48 gold pieces
 20542 | D:7      | Bought 3 scrolls of identify for 72 gold pieces
 20542 | D:7      | Bought a scroll of teleportation for 36 gold pieces
 20542 | D:7      | Bought a scroll of magic mapping for 42 gold pieces
 20547 | D:7      | Gained mutation: Your flesh is cold resistant. (rC+)
                  | [potion of mutation]
 20547 | D:7      | Lost mutation: Your flesh is cold resistant. (rC+) [potion
                  | of mutation]
 20547 | D:7      | Gained mutation: You can translocate small distances at
                  | will. [potion of mutation]
 20547 | D:7      | Gained mutation: You are partially covered in large bone
                  | plates. (SH +4) [potion of mutation]
 20551 | D:7      | Got the cursed ring "Jesul" {rF+ Int+6}
 20691 | D:11     | Got the mace of Shrieking Terror {elec, Stlth+}
 20692 | D:11     | Identified the +9 mace of Shrieking Terror {elec, Stlth+}
                  | (You found it on level 11 of the Dungeon)
 20998 | D:11     | Reached skill level 1 in Maces & Flails
 21515 | D:12     | Found a staircase to the Orcish Mines.
 21674 | D:12     | Noticed a two-headed ogre
 21683 | D:12     | Killed a two-headed ogre
 22632 | Orc:1    | Entered Level 1 of the Orcish Mines
 22632 | Orc:1    | Found a runed translucent door.
 22632 | Orc:1    | Found a shimmering altar of Xom.
 22632 | Orc:1    | Noticed Dootley's ghost (journeyman FoFi)
 22636 | Orc:1    | Noticed a +2 flail of chaos
 23024 | Orc:1    | Found Ikytih's Armour Emporium.
 23172 | Orc:1    | Noticed an orc knight
 23183 | Orc:1    | Reached skill level 5 in Armour
 23402 | Lair:1   | Entered Level 1 of the Lair of Beasts
 23423 | Lair:1   | Noticed Nergalle
 23432 | Lair:1   | Killed Nergalle
 23543 | Lair:1   | Noticed Erica
 23560 | Lair:1   | Paralysed by something for 2 turns
 23561 | Lair:1   | Killed Erica
 23851 | Lair:1   | Noticed a six-headed hydra
 23900 | Lair:1   | Reached skill level 13 in Summonings
 24141 | Lair:1   | Killed a six-headed hydra
 24243 | Lair:1   | Reached *** piety under Ashenzari
 24446 | Lair:1   | Noticed Sonja
 24455 | Lair:1   | Killed Sonja
 24455 | Lair:1   | Reached skill level 5 in Maces & Flails
 24455 | Lair:1   | Reached XP level 12. HP: 94/94 MP: 8/24
 27204 | Lair:2   | Found a staircase to the Shoals.
 27681 | Lair:3   | Noticed a five-headed hydra
 27681 | Lair:3   | Noticed a death yak
 27682 | Lair:3   | Found a hole to the Spider Nest.
 27683 | Lair:3   | Noticed a death yak
 27687 | Lair:3   | Noticed a death yak
 27689 | Lair:3   | Noticed a death yak
 27689 | Lair:3   | Noticed a death yak
 27699 | Lair:3   | Noticed a death yak
 27709 | Lair:3   | Killed a death yak
 28139 | Lair:3   | Found a burning altar of Makhleb.
 28145 | Lair:3   | Noticed Snorg
 28155 | Lair:3   | Killed Snorg
 29066 | Lair:3   | Reached **** piety under Ashenzari
 29121 | Lair:3   | Killed a death yak
 29143 | Lair:3   | Killed a death yak
 29661 | Lair:4   | Noticed a five-headed hydra
 29669 | Lair:4   | Killed a five-headed hydra
 29695 | Lair:4   | Reached skill level 14 in Summonings
 29929 | Lair:4   | Noticed a fire dragon
 29971 | Lair:4   | Killed a fire dragon
 30596 | Lair:4   | Gained mutation: You can hop long distances. [Barachi
                  | growth]
 30596 | Lair:4   | Reached XP level 13. HP: 84/102 MP: 3/26
 31057 | Lair:4   | Learned a level 2 spell: Ensorcelled Hibernation
 31916 | Lair:4   | Reached skill level 10 in Fighting
 32667 | Lair:5   | Found a frozen archway.
 32667 | Lair:5   | Found a viscous altar of Jiyva.
 32667 | Lair:5   | Found a staircase to the Slime Pits.
 32777 | IceCv    | Entered an ice cave
 34770 | IceCv    | HP: 5/103 [ice beast[an ice statue] (11)]
 35966 | IceCv    | Slain by an ice beast

Illustrated notes

Levels and vault maps discovered:
D:1:      minmay_arrival_open_corners, layout_basic, serial_bayou_pond_d
D:2:      layout_basic, kennysheep_ying_yang, lemuel_doored_altar
D:3:      wad_woods_stonehenge, layout_loops_corners,
          chequers_temple_overflow_minitemple, gammafunk_ghost_smash,
          minmay_increasing_density
D:4:      minmay_chambers_of_twos, layout_basic, old_standard_altar
D:5:      layout_loops_cross, minmay_temple_entry_sparse_star, serial_shops,
          shop, nicolae_shop_trees, first_ration
D:6:      layout_basic, nicolae_overflow_hidden_temple, basic_altar,
          nemelex_diamond_rough_becter, uniq_blork_the_orc
D:7:      layout_loops_corners, serial_shops, shop, shop, shop, shop_fountains,
          shop
D:8:      layout_basic, minmay_manual_monstrance
D:9:      layout_loops_ring, vehumet_statue, nicolae_overflow_crystal_walls,
          the_bakery, kennysheep_small_square
D:10:     layout_roguey, erik_lair_dragon, basic_altar, enter_trove_5,
          enter_bailey_2, grunt_decor_arrowhead, grunt_decor_resistance,
          minmay_tree_intersection, lightli_orcish_oven
D:11:     layout_roguey, guppyfry_shop_earth
D:12:     layout_gridville, orc_0_dummy
Temple:   chequers_temple_sunken
Lair:1:   layout_layer_cave, beast_lair_carwin_1, grunt_megastairs_4,
          lemuel_fruit_fields, minmay_lair_oklob_chamber, uniq_nergalle,
          uniq_erica, uniq_sonja
Lair:2:   layout_regular_city, elwin_shoals_entry_rocks,
          cheibrodos_lair_reptile_den
Lair:3:   layout_chaotic_city, dummy_spider_entry, basic_altar, uniq_snorg
Lair:4:   kb_forest_paths, layout_cave_shapes, bobbens_dragon_lair_wall,
          lemuel_fruit_tree
Lair:5:   layout_cave_pods, slime_altar_1, portal_ice_cave_entry_pillars_1,
          minmay_stone_trees_small
Orc:1:    layout_diamond_mine, serial_shops, shop_fountains, shop,
          ebering_ghost_xom
IceCv:    ice_cave_statue_garden_chambered

Skill      XL: |  1  2  3  4  5  6  7  8  9 10 11 12 13 |
---------------+----------------------------------------+-----
Summonings     | 5 6 7 9 10 12 13 14 | 14.7
Fighting       | 1 2 3 5 6 7 8 9 10 | 10.1
Spellcasting   | 3 4 5 6 7 8 9 |  9.3
Stealth        | 2 3 |  3.1
Ice Magic      | 1 |  1.6
Air Magic      | 1 3 5 6 |  6.0
Dodging        | 3 4 5 6 |  6.7
Armour         | 2 6 8 9 |  9.8
Polearms       | 1 |  1.3
Maces & Flails | 5 7 8 |  8.6

Action                   |  1- 3 |  4- 6 |  7- 9 | 10-12 | 13-15 || total
-------------------------+-------+-------+-------+-------+-------++-------
Melee: Club              |     9 |       |       |       |       ||     9
       Short sword       |   111 |       |       |       |       ||   111
       Unarmed           |     2 |       |       |       |       ||     2
       Glaive            |     7 |   103 |       |       |       ||   110
       Trident           |       |    38 |   108 |       |       ||   146
       Halberd           |       |       |   124 |   119 |       ||   243
       Mace              |       |       |       |   197 |   158 ||   355
Throw: Boomerang         |       |       |       |       |     4 ||     4
 Cast: Summon Small Mamm |    11 |       |       |       |       ||    11
       Call Imp          |     5 |       |       |       |       ||     5
       Call Canine Famil |     6 |    16 |     3 |     2 |       ||    27
       Summon Ice Beast  |       |    12 |    48 |   125 |    72 ||   257
       Summon Lightning  |       |       |    19 |    81 |    41 ||   141
       Ensorcelled Hiber |       |       |       |       |     2 ||     2
Invok: Curse Item        |       |       |     2 |     2 |       ||     4
 Abil: Hop               |       |     1 |     3 |     3 |     2 ||     9
       Blink             |       |       |       |       |     1 ||     1
  Use: Potion            |       |     1 |     1 |     1 |     2 ||     5
       Scroll            |       |    11 |     9 |    10 |     5 ||    35
 Stab: Sleeping          |     4 |     9 |    10 |     3 |       ||    26
       Distracted        |       |     3 |     4 |     8 |     6 ||    21
       Invisible         |       |       |       |       |     2 ||     2
  Eat: Chunk             |    10 |    16 |    22 |    40 |     6 ||    94
       Ration            |       |     1 |     5 |     5 |     4 ||    15
Armor: Robe              |    37 |    26 |    68 |     3 |       ||   134
       Troll leather arm |       |       |       |    21 |       ||    21
       Acid dragon scale |       |       |       |    86 |    52 ||   138
Dodge: Dodged            |   129 |   140 |   272 |   369 |   156 ||  1066
Block: Other             |       |       |       |    34 |    26 ||    60
